 Dungeon Crawl Stone Soup version 0.29.1-13-g9f3cf754e1 (webtiles) character file.

Game seed: 4058186395510232229

21 theswoord the Chiller (level 2, -10/22 HPs)
             Began as a Naga Ice Elementalist on Feb 2, 2023.
             Mangled by a gnoll
             ... wielding a +0 halberd
              (12 damage)
             ... on level 2 of the Dungeon.
             The game lasted 00:01:44 (1254 turns).

theswoord the Chiller (Naga Ice Elementalist)       Turns: 1254, Time: 00:01:45

Health: -10/22     AC:  1    Str: 10    XL:     2   Next: 83%
Magic:  3/5        EV:  9    Int: 15    God:
Gold:   51         SH:  0    Dex: 11    Spells: 5/6 levels left

rFire   . . .      SeeInvis +   e - +0 dagger (speed)
rCold   . . .      Faith    .   (no shield)
rNeg    . . .      Spirit   .   a - +0 robe
rPois   +          Reflect  .   (no helmet)
rElec   .          Harm     .   (no cloak)
rCorr   .          Rampage  .   (no gloves)
Will    .....                   (no barding)
Stlth   ++........              (no amulet)
HPRegen 0.07/turn               (no ring)
MPRegen 0.09/turn               (no ring)

@: very slow
A: AC +0, large, see invisible, deformed body, poison resistance, slowness 2,
spit poison 1, naga tail 1
a: Spit Poison


You were on level 2 of the Dungeon.
You visited 1 branch of the dungeon, and saw 2 of its levels.

You collected 51 gold pieces.

Inventory:

Hand Weapons
 e - a +0 dagger of speed (weapon)
Armour
 a - a +0 robe (worn)
Jewellery
 c - a +6 ring of strength
Scrolls
 f - a scroll of identify
Potions
 b - a potion of magic
 g - a potion of heal wounds {unknown}
 h - 2 potions of lignification


   Skills:
 - Level 1.5 Dodging
 - Level 3.0 Stealth
 + Level 2.5 Spellcasting
 + Level 4.4 Ice Magic


You had 5 spell levels left.
You knew the following spells:

 Your Spells              Type           Power      Damage    Failure   Level
a - Freeze                Ice            60%        1d8       3%          1

Your spell library contained the following spells:

 Spells                   Type           Power      Damage    Failure   Level
 Frozen Ramparts          Ice            30%        1d5       11%         3
 Ozocubu's Armour         Ice            15%        N/A       11%         3
 Hailstorm                Conj/Ice       8%         3d4       63%         4


Dungeon Overview and Level Annotations

Branches:
Dungeon (2/15)

Altars:


Innate Abilities, Weirdness & Mutations

Your serpentine skin is tough. (AC +0)
You have supernaturally acute eyesight. (SInv)
Armour fits poorly on your strangely shaped body.
Your system is resistant to poisons. (rPois)
You cover ground very slowly.
You can spit poison.
You have a snake-like lower body.


Message History

An adder is nearby!
A gnoll comes into view. It is wielding a +0 halberd.
The adder hisses angrily.
You hear a shout! x2
The gnoll hits you from afar with a +0 halberd.
A gnoll comes into view. It is wielding a +0 whip.
The gnoll hits you from afar with a +0 halberd.
A frilled lizard comes into view.
The gnoll moves out of view.
You hear a shout!
Aiming: Freeze (safe; 3% risk of failure)
Press: ? - help, Q - select action, (/) - cycle Shift-Dir - straight line
Okay, then.
Aiming: Spit Poison (2% risk of failure)
Press: ? - help, Shift-Dir - straight line, f - gnoll
Aim: a gnoll, wielding a +0 halberd (65% to hit)
The splash of poison misses the gnoll.
The splash of poison hits the adder.
The adder is lightly wounded.
The gnoll hits you from afar with a +0 halberd!
Ouch! That really hurt!
* * * LOW HITPOINT WARNING * * *
A gnoll comes into view. It is wielding a +0 club.
The gnoll barely misses you.
The gnoll moves out of view.
Casting: Freeze (safe; 3% risk of failure)
Confirm with . or Enter, or press ? or * to list all spells.
Aiming: Freeze (safe; 3% risk of failure)
Press: ? - help, Shift-Dir - straight line, f/p - gnoll
Aim: a gnoll, wielding a +0 halberd You freeze the gnoll!
The gnoll is heavily wounded.
You have got your breath back.
A gnoll comes into view. It is wielding a +0 spear.
The gnoll barely misses you.
Aiming: Freeze (safe; 3% risk of failure)
Press: ? - help, Q - select action, (/) - cycle Shift-Dir - straight line, f/p - gnoll
Aim: a gnoll, wielding a +0 halberd (heavily wounded)
You freeze the gnoll.
The gnoll is severely wounded.
The gnoll hits you with a +0 halberd!
Ouch! That really hurt!
You die...

# .. .. .g #####
#. ....
#.#.l#####.#####.#
#...Sg@..........#
##########.######
#.#...# #.#.#.#
#.#.#.# #.#.#.#
#.#.#.# #.#.#.#
#.#.#.#


You could see 2 gnolls, an adder and a frilled lizard.

Vanquished Creatures
  A dart slug (D:2)
  A bat (D:1)
  4 endoplasms
  A goblin (D:1)
  2 hobgoblins
  A ball python (D:1)
  2 frilled lizards (D:1)
  A kobold (D:1)
  6 rats (D:1)
19 creatures vanquished.

Notes
Turn   | Place    | Note
-------+----------+-------------------------------------------
     0 | D:1      | theswoord the Naga Ice Elementalist began the quest for the
                  | Orb.
     0 | D:1      | Reached XP level 1. HP: 15/15 MP: 3/3
   369 | D:1      | Found a faded altar of an unknown god.
   385 | D:1      | Reached XP level 2. HP: 19/22 MP: 3/5
  1254 | D:2      | Mangled by a gnoll

Action                   || total
-------------------------++-------
Melee: Dagger            ||    42
       Unarmed           ||     1
 Cast: Freeze            ||    11
 Abil: Spit Poison       ||     1
  Use: Scroll            ||     3
 Stab: Sleeping          ||     5
Armor: Robe              ||     2
Dodge: Dodged            ||    21

Levels and vault maps discovered:
D:1:      amcnicky_arrival_abandoned_market, layout_basic,
          ebering_ecumenical_altar_petrified
D:2:      layout_basic
